← All builds
Suicide front / Armada / Factory first / OBSERVED BUILD

Standard suicide front

Armada Suicide front build order · Supreme Isthmus

The role's baseline: Bot Lab at 0:21 then straight into reclaim-fed T1 bot production to contest the middle and hold until T2 arrives, with an Advanced Metal Extractor around 9:45.

#rush · 2245 distinct matches · 261 players · 72% of Armada Suicide front games · team won 59% of 2635 · Recently observed

HOW TO PLAY IT

Key timing: Bot Lab by 0:20

  1. Open with mex and lab-first to get Bot Lab up by 0:20.
  2. Expand mex and wind while lab pumps units toward middle.
  3. Push Sentry and early Rocketeer, Centurion to contest middle.
  4. Get T2 constructor out once Pond's boost lets you spare metal.
  5. Upgrade mex to Advanced Metal Extractor as you transition off T1 spam.

Phase by phase

TYPICAL OF ITS 2245 GAMES
  1. 1
  2. 2
  3. 3
PLAY THE OPENING

Follow the example game's first 6:00 step by step: what to build now, what comes next, and where it goes. At 1× it keeps pace with your own game.

  1. 1

    Bot Lab first

    Order
    1. Bot LabBot Lab done ~0:26, middle half 0:20–0:33

    Some games also: mex (47%)

  2. 2

    Bot Lab to 5:00

    Economy
    • Metal Extractor5Mex
    • Wind Turbine4Wind
    Builders
    • Construction Bot3 Con bot
    • Lazarus2 Lazarus
    Army
    • Sentry4 Sentry
    • Rocketeer16 Rocketeer
    • Tick2 Tick
    • Centurion1 Centurion
    Other
    • Radar Tower1 Radar Tower

    Some games also: pawn (39%) · con turret (34%)

    By 5:00 in all: 5 mex · 4 wind

    The example game in this phase · 25 steps
    1. LazarusLazarus
    2. SentrySentry
    3. Mex
    4. Construction BotCon bot
    5. PawnPawn
    6. Con turret
    7. LazarusLazarus
    8. CenturionCenturion
    9. Mex
    10. LazarusLazarusfor Front
    11. RocketeerRocketeer
    12. Mex
    13. RocketeerRocketeer ×2
    14. BeamerBeamer
    15. RocketeerRocketeer ×2
    16. LazarusLazarus
    17. BeamerBeamer
    18. LazarusLazarus
    19. Radar TowerRadar Tower
    20. CenturionCenturion
    21. RocketeerRocketeer ×5
    22. CenturionCenturion
    23. RocketeerRocketeer ×4
    24. BeamerBeamer
    25. GauntletGauntletdone 5:57
  3. 3

    5:00 to 10:00

    Economy
    • Metal Extractor1Mex
    • Wind Turbine15Wind
    Builders
    • Construction Turret2 Con turret
    • Lazarus2 Lazarus
    • Construction Bot1 Con bot
    Army
    • Sentry1 Sentry
    • Rocketeer8 Rocketeer

    Some games also: pawn (48%) · Radar Tower (46%) · centurion (44%) · tick (43%) · energy storage (42%) · eat Bot Lab (31%)

    By 10:00 in all: 6 mex · 21 wind · 1 energy storage · 2 con turret

    The example game in this phase · 78 steps
    1. LazarusLazarus ×2
    2. Con turret
    3. Construction BotCon bot ×3
    4. Sneaky PeteSneaky Pete
    5. Construction BotCon bot ×3
    6. Wind ×2
    7. Construction BotCon bot
    8. Wind
    9. Construction BotCon bot
    10. Wind
    11. Construction BotCon bot
    12. Wind ×2
    13. Construction BotCon bot
    14. Con turret
    15. Wind
    16. Construction BotCon bot
    17. Wind
    18. Construction BotCon bot
    19. Wind ×4
    20. BeamerBeamer
    21. Wind ×5
    22. BeamerBeamer
    23. Wind ×5
    24. BeamerBeamer
    25. Wind ×2
    26. Construction BotCon bot
    27. Wind ×2
    28. Converter
    29. Wind ×2
    30. Construction BotCon bot
    31. Wind ×3
    32. GauntletGauntlet
    33. Wind
    34. Con turret
    35. Construction BotCon bot
    36. Converter
    37. Wind ×4
    38. Construction BotCon bot
    39. Wind ×3
    40. BeamerBeamer
    41. Construction BotCon bot
    42. Wind ×3
    43. Converter
    44. Wind ×3
    45. Advanced Metal ExtractorT2 mexdone 13:06 · typical 9:49
    46. Converter
    47. Wind ×6
    48. Converter
    49. Wind ×6
    50. Converter
    51. Wind ×4
    52. Construction BotCon bot
    53. Wind ×3
    54. Converter
    55. Wind
    56. TickTick
    57. Wind ×3
    58. PawnPawn
    59. Wind ×3
    60. BeamerBeamer
    61. Converter
    62. Wind ×2
    63. BeamerBeamer
    64. Converter
    65. PawnPawn
    66. Wind ×2
    67. PawnPawn ×2
    68. Wind
    69. PawnPawn ×4
    70. Converter
    71. Wind ×2
    72. Pit BullPit Bull
    73. Wind ×3
    74. Converter
    75. BeamerBeamer
    76. Wind
    77. Mex
    78. Radar TowerRadar Tower

Counts are medians over the build's games: half of them build more, half fewer. The example game is heihallo's (31 OS, 15/10/2026); pick another.

Team trades

IN AT LEAST 30% OF ITS GAMES

You hand over

Nothing regular.

You get

  • Tidal Generator4 Tidal from Pondfirst at 0:11 · in 68% of games
  • Advanced Construction Bot1 T2 con bot from Geo or Techfirst at 7:45 · in 57% of games

How it plays out

Typical game of this build, running totals by minute

Metal produced

010k20k
0:005:0010:0015:00

metal

Enemy metal destroyed

05k10k
0:005:0010:0015:00

metal

Own metal lost

05k10k
0:005:0010:0015:00

metal

2635 games.

Show as table
ByMetal produced: This buildEnemy metal destroyed: This buildOwn metal lost: This build
1:0023000
2:0088700
3:002006193130
4:003105646502
5:0041861357990
6:00535222011677
7:00654530812547
8:00775239633443
9:00903447304337
10:001040053465119
11:001185058925901
12:001353664446633
13:001533969177393
14:001720375528179
15:001915081878947
WHAT THE NUMBERS SAY

Standard Suicide front play wins a bit over half its games while taking the heaviest own losses of any role by 15:00.

  • + Produces 20142 metal by 15:00, highest of the front roles.
  • + First kill by 2:01 in all games, fastest contest of middle.
  • − Own metal lost hits 9178 by 15:00, more than enemy metal destroyed.
  • − Only 34% Rocketeer share shows army spread thin across many bot types.
THE EXAMPLE YOU ARE READING

heihallo

31.0 OS · 15/10/2026

Open source match ↗

6 received units · includes a constructor
23 metal received · 20261 energy received

Allied construction assistance is unknown. Timings are observations, not a promise of solo reproducibility.

Typical milestones

Bot Lab0:26Middle 50%: 0:20–0:33 · n=2626
Advanced Metal Extractor9:49Middle 50%: 8:52–11:00 · n=1888

Played most by

_X_265games of this buildPlatinumBlonde188games of this buildXad165games of this buildTrapCaT112games of this buildSoliloqueur81games of this build